| TOP OF THE 1ST |
|
Los Angeles (NYP) Dodgers batting - Pitching for Brooklyn Cyclones : RHP Adrian Colorado
|
|
Pitching: RHP Adrian Colorado
|
|
|
Batting: LHB Tony Morales
|
0-0: Called Strike 0-1: Ball 1-1: Foul Ball, location: 2F 1-2: Ball 2-2: Ball 3-2: Foul Ball, location: 2F 3-2: SINGLE (Groundball, 6D, EV 97.5 MPH)
|
|
Batting: RHB Daniel Samano
|
0-0: Ball 1-0: Swinging Strike 1-1: Ball Tony Morales steals 2nd, throwing error, E2 Tony Morales to third 2-1: Ball Wild Pitch! Tony Morales scores 3-1: Foul Ball, location: 2F 3-2: Base on Balls
|
|
Batting: SHB Justin Toth
|
0-0: Ball Daniel Samano steals 2nd base 1-0: Called Strike 1-1: Reached on error, E2 (Groundball, 13S, EV 65.6 MPH) Daniel Samano scores
|
|
Batting: RHB Aaron Burress
|
0-0: Foul Ball, location: 2F 0-1: SINGLE (Groundball, 56D, EV 102.5 MPH) Justin Toth to third
|
|
Batting: RHB Shinji Aizawa
|
0-0: Ball 1-0: Ball 2-0: Called Strike 2-1: Swinging Strike 2-2: Fly out, F4 (Popup, 4D, EV 65.6 MPH)
|
|
Batting: RHB Dave Cordero
|
0-0: Fielders Choice at 2nd, 5-4 (Groundball, 56, EV 94.4 MPH) Justin Toth scores
|
|
Batting: SHB Nestor Ramirez
|
0-0: Called Strike 0-1: Called Strike Dave Cordero steals 2nd base 0-2: Ball 1-2: Ball 2-2: Strikes out swinging
|
| Top of the 1st over - 3 runs, 2 hits, 2 errors, 1 left on base; Los Angeles (NYP) 3 - Brooklyn 0 |
| BOTTOM OF THE 1ST |
|
Brooklyn Cyclones batting - Pitching for Los Angeles (NYP) Dodgers : RHP Isidro Aguirre
|
|
Pitching: RHP Isidro Aguirre
|
|
|
Batting: RHB Darwin Mills
|
0-0: Ball 1-0: Ball 2-0: Ball 3-0: Base on Balls
|
|
Batting: RHB Mike Mathews
|
0-0: Ball 1-0: Foul Ball, location: 2F 1-1: Ball 2-1: Foul Ball, location: 2F 2-2: Ball 3-2: Strikes out swinging
|
|
Batting: SHB Harrison Feist
|
0-0: Called Strike 0-1: Foul Ball, location: 2F 0-2: Ball 1-2: Foul Ball, location: 2F 1-2: Ball 2-2: Strikes out swinging
|
|
Batting: RHB Matt Tittle
|
0-0: Called Strike 0-1: Foul Ball, location: 2F 0-2: Ball 1-2: Strikes out swinging
|
| Bottom of the 1st over - 0 runs, 0 hits, 0 errors, 1 left on base; Los Angeles (NYP) 3 - Brooklyn 0 |
| TOP OF THE 2ND |
|
Los Angeles (NYP) Dodgers batting - Pitching for Brooklyn Cyclones : RHP Adrian Colorado
|
|
Batting: RHB Kyle Garrett
|
0-0: SINGLE (Groundball, 6MD, EV 105.6 MPH)
|
|
Batting: RHB Nick Massengale
|
0-0: Called Strike 0-1: Ball 1-1: Swinging Strike 1-2: Reached on error, E6 (Groundball, 6, EV 91.9 MPH) Kyle Garrett to second
|
|
Pitching: RHP Danny Helm
|
|
|
Batting: LHB Tony Morales
|
0-0: Ball 1-0: Called Strike 1-1: Foul Ball, location: 2F 1-2: Strikes out swinging
|
|
Batting: RHB Daniel Samano
|
0-0: DOUBLE (Groundball, 5L, EV 106.2 MPH) Kyle Garrett scores Nick Massengale to third Runner from 3rd tries for Home, SAFE, no throw by LF
|
|
Batting: SHB Justin Toth
|
0-0: Called Strike 0-1: Ball 1-1: Ball Daniel Samano steals 3rd base (no throw) 2-1: Ball 3-1: Foul Ball, location: 2F 3-2: Base on Balls
|
|
Batting: RHB Aaron Burress
|
0-0: Ball Passed Ball! Daniel Samano scores Justin Toth to second 1-0: Ball 2-0: Called Strike 2-1: Foul Ball, location: 2F 2-2: Strikes out swinging
|
|
Batting: RHB Shinji Aizawa
|
0-0: Foul Ball, location: 2F 0-1: SINGLE (Groundball, 56D, EV 108.1 MPH) Justin Toth to third Runner from 3rd tries for Home, SAFE, throw by LF to home Shinji Aizawa to second
|
|
Pitching: RHP Marvin Merino
|
|
|
Batting: RHB Dave Cordero
|
0-0: Reached on error, E5 (Groundball, 5, EV 89.4 MPH) Shinji Aizawa scores
|
|
Batting: SHB Nestor Ramirez
|
0-0: Ground out 5-3 (Groundball, 5D, EV 108.8 MPH)
|
| Top of the 2nd over - 5 runs, 3 hits, 2 errors, 1 left on base; Los Angeles (NYP) 8 - Brooklyn 0 |
| BOTTOM OF THE 2ND |
|
Brooklyn Cyclones batting - Pitching for Los Angeles (NYP) Dodgers : RHP Isidro Aguirre
|
|
Batting: RHB Mike Patterson
|
0-0: Called Strike 0-1: Ball 1-1: Ball 2-1: Ball 3-1: Swinging Strike 3-2: Strikes out swinging, 2-3 out at first.
|
|
Batting: LHB Ryan Stegall
|
0-0: Swinging Strike 0-1: Called Strike 0-2: Foul Ball, location: 2F 0-2: Strikes out looking
|
|
Batting: RHB Brad Brown
|
0-0: Called Strike 0-1: Swinging Strike 0-2: Foul Ball, location: 2F 0-2: Ball 1-2: Ball 2-2: Foul Ball, location: 2F 2-2: Strikes out swinging
|
| Bottom of the 2nd over - 0 runs, 0 hits, 0 errors, 0 left on base; Los Angeles (NYP) 8 - Brooklyn 0 |
| TOP OF THE 3RD |
|
Los Angeles (NYP) Dodgers batting - Pitching for Brooklyn Cyclones : RHP Marvin Merino
|
|
Batting: RHB Kyle Garrett
|
0-0: Ball 1-0: Reached on error, E6 (Groundball, 6M, EV 108.8 MPH)
|
|
Batting: RHB Nick Massengale
|
0-0: Grounds into double play, 5-4-3 (Groundball, 56, EV 106.9 MPH)
|
|
Batting: LHB Tony Morales
|
0-0: Ball 1-0: Called Strike 1-1: Ball 2-1: Foul Ball, location: 2F 2-2: Foul Ball, location: 2F 2-2: SINGLE (Groundball, 4MD, EV 101.2 MPH)
|
|
Batting: RHB Daniel Samano
|
0-0: Swinging Strike 0-1: SINGLE (Line Drive, 78S, EV 95.6 MPH) Tony Morales to second
|
|
Batting: SHB Justin Toth
|
0-0: Foul Ball, location: 2F 0-1: Called Strike 0-2: Ball 1-2: Foul Ball, location: 2F 1-2: Ball 2-2: Ball 3-2: Strikes out swinging
|
| Top of the 3rd over - 0 runs, 2 hits, 1 error, 2 left on base; Los Angeles (NYP) 8 - Brooklyn 0 |
| BOTTOM OF THE 3RD |
|
Brooklyn Cyclones batting - Pitching for Los Angeles (NYP) Dodgers : RHP Isidro Aguirre
|
|
Batting: RHB Tyler Lybrand
|
0-0: Ball 1-0: Called Strike 1-1: Swinging Strike 1-2: Foul Ball, location: 2F 1-2: Foul Ball, location: 2F 1-2: Ball 2-2: Strikes out swinging
|
|
Batting: RHB Barney Pederson
|
0-0: Foul Ball, location: 2F 0-1: Called Strike 0-2: Strikes out looking
|
|
Batting: RHB Darwin Mills
|
0-0: Called Strike 0-1: Called Strike 0-2: Ball 1-2: Strikes out swinging
|
| Bottom of the 3rd over - 0 runs, 0 hits, 0 errors, 0 left on base; Los Angeles (NYP) 8 - Brooklyn 0 |
| TOP OF THE 4TH |
|
Los Angeles (NYP) Dodgers batting - Pitching for Brooklyn Cyclones : RHP Marvin Merino
|
|
Batting: RHB Aaron Burress
|
0-0: Called Strike 0-1: Ball 1-1: Called Strike 1-2: SINGLE (Groundball, 6D, EV 93.8 MPH)
|
|
Batting: RHB Shinji Aizawa
|
0-0: Ball 1-0: Foul Ball, location: 2F 1-1: SINGLE (Flyball, 89S, EV 91.2 MPH) Aaron Burress to second
|
|
Batting: RHB Dave Cordero
|
0-0: Ball 1-0: Swinging Strike 1-1: Ball 2-1: Swinging Strike 2-2: Strikes out swinging
|
|
Batting: SHB Nestor Ramirez
|
0-0: Ball 1-0: SINGLE (Groundball, 34D, EV 101.2 MPH) (infield hit) Aaron Burress to third Shinji Aizawa to second
|
|
Batting: RHB Kyle Garrett
|
0-0: Ball 1-0: Foul Ball, location: 2F 1-1: Ball 2-1: GRAND SLAM HOME RUN (Flyball, 7LD, EV 92.5 MPH), Distance : 333 ft
|
|
Batting: RHB Nick Massengale
|
0-0: Foul Ball, location: 2F 0-1: Ball 1-1: SINGLE (Line Drive, 9S, EV 107.5 MPH)
|
|
Batting: LHB Tony Morales
|
0-0: Called Strike 0-1: Ball 1-1: Swinging Strike 1-2: Strikes out looking
|
|
Batting: RHB Daniel Samano
|
0-0: Swinging Strike 0-1: Ball 1-1: Ball 2-1: Ball 3-1: Base on Balls Nick Massengale to second
|
|
Batting: SHB Justin Toth
|
0-0: Called Strike 0-1: Foul Ball, location: 2F 0-2: Ball 1-2: Foul Ball, location: 2F 1-2: Foul Ball, location: 2F 1-2: Ground out 4-3 (Groundball, 4S, EV 73.8 MPH)
|
| Top of the 4th over - 4 runs, 5 hits, 0 errors, 2 left on base; Los Angeles (NYP) 12 - Brooklyn 0 |
| BOTTOM OF THE 4TH |
|
Brooklyn Cyclones batting - Pitching for Los Angeles (NYP) Dodgers : RHP Isidro Aguirre
|
|
Batting: RHB Mike Mathews
|
0-0: Ball 1-0: Ball 2-0: Ball 3-0: Base on Balls
|
|
Batting: SHB Harrison Feist
|
0-0: Ball 1-0: Ball 2-0: Ball 3-0: Called Strike 3-1: Base on Balls Mike Mathews to second
|
|
Batting: RHB Matt Tittle
|
0-0: Called Strike 0-1: Ball 1-1: Foul Ball, location: 2F 1-2: Foul Ball, location: 2F 1-2: Reached on error, E4 (Groundball, 4, EV 81.2 MPH) Mike Mathews to third Harrison Feist to second
|
|
Batting: RHB Mike Patterson
|
0-0: Called Strike 0-1: Ball 1-1: Ball 2-1: Called Strike 2-2: Strikes out swinging
|
|
Batting: LHB Ryan Stegall
|
0-0: Ball 1-0: Called Strike 1-1: Ball 2-1: Foul Ball, location: 2F 2-2: Strikes out looking
|
|
Batting: RHB Brad Brown
|
0-0: Called Strike 0-1: Foul Ball, location: 2F 0-2: Foul Ball, location: 2F 0-2: Strikes out swinging
|
| Bottom of the 4th over - 0 runs, 0 hits, 1 error, 3 left on base; Los Angeles (NYP) 12 - Brooklyn 0 |
| TOP OF THE 5TH |
|
Los Angeles (NYP) Dodgers batting - Pitching for Brooklyn Cyclones : RHP Marvin Merino
|
|
Batting: RHB Aaron Burress
|
0-0: Ball 1-0: Called Strike 1-1: Ball 2-1: Ball 3-1: Base on Balls
|
|
Batting: RHB Shinji Aizawa
|
0-0: Called Strike 0-1: Ball 1-1: Ball 2-1: Called Strike 2-2: Ball 3-2: Strikes out swinging
|
|
Batting: RHB Dave Cordero
|
0-0: Called Strike 0-1: Ball 1-1: Fly out, F7 (Line Drive, 7, EV 85.0 MPH)
|
|
Batting: SHB Nestor Ramirez
|
0-0: Ball 1-0: Foul Ball, location: 2F 1-1: Ball 2-1: Ball 3-1: Foul Ball, location: 2F 3-2: Strikes out swinging
|
| Top of the 5th over - 0 runs, 0 hits, 0 errors, 1 left on base; Los Angeles (NYP) 12 - Brooklyn 0 |
| BOTTOM OF THE 5TH |
|
Brooklyn Cyclones batting - Pitching for Los Angeles (NYP) Dodgers : RHP Isidro Aguirre
|
|
Batting: RHB Tyler Lybrand
|
0-0: Swinging Strike 0-1: Ball 1-1: Swinging Strike 1-2: Strikes out swinging
|
|
Batting: RHB Barney Pederson
|
0-0: Foul Ball, location: 2F 0-1: Ball 1-1: Foul Ball, location: 2F 1-2: Strikes out swinging
|
|
Batting: RHB Darwin Mills
|
0-0: Ball 1-0: Swinging Strike 1-1: Ball 2-1: Foul Ball, location: 2F 2-2: Strikes out looking
|
| Bottom of the 5th over - 0 runs, 0 hits, 0 errors, 0 left on base; Los Angeles (NYP) 12 - Brooklyn 0 |
| TOP OF THE 6TH |
|
Los Angeles (NYP) Dodgers batting - Pitching for Brooklyn Cyclones : RHP Marvin Merino
|
|
Batting: RHB Kyle Garrett
|
0-0: Foul Ball, location: 2F 0-1: Swinging Strike 0-2: Strikes out swinging
|
|
Batting: RHB Nick Massengale
|
0-0: Ball 1-0: Ball 2-0: Fly out, F9 (Flyball, 9LD, EV 102.5 MPH)
|
|
Batting: LHB Tony Morales
|
0-0: Ball 1-0: Swinging Strike 1-1: Ball 2-1: Ball 3-1: Base on Balls
|
|
Batting: RHB Daniel Samano
|
0-0: Ball 1-0: SINGLE (Flyball, 6D, EV 92.5 MPH) Tony Morales to second
|
|
Batting: SHB Justin Toth
|
0-0: Ground out U3 (Groundball, 3, EV 81.9 MPH)
|
| Top of the 6th over - 0 runs, 1 hit, 0 errors, 2 left on base; Los Angeles (NYP) 12 - Brooklyn 0 |
| BOTTOM OF THE 6TH |
|
Brooklyn Cyclones batting - Pitching for Los Angeles (NYP) Dodgers : RHP Isidro Aguirre
|
|
Batting: RHB Mike Mathews
|
0-0: Fly out, F6 (Line Drive, 6D, EV 66.2 MPH)
|
|
Batting: SHB Harrison Feist
|
0-0: Ball 1-0: Fly out, F4 (Popup, 4M, EV 55.6 MPH)
|
|
Batting: RHB Matt Tittle
|
0-0: Ball 1-0: Ball 2-0: Fly out, F7 (Flyball, 7, EV 94.4 MPH)
|
| Bottom of the 6th over - 0 runs, 0 hits, 0 errors, 0 left on base; Los Angeles (NYP) 12 - Brooklyn 0 |
| TOP OF THE 7TH |
|
Los Angeles (NYP) Dodgers batting - Pitching for Brooklyn Cyclones : RHP Marvin Merino
|
|
Pinch Hitting: LHB Helmut Steggall
|
0-0: Ball 1-0: Foul Ball, location: 2F 1-1: SINGLE (Line Drive, 8LS, EV 108.1 MPH)
|
|
Batting: RHB Shinji Aizawa
|
0-0: Swinging Strike 0-1: Ball 1-1: Foul Ball, location: 2F 1-2: Strikes out swinging
|
|
Batting: RHB Dave Cordero
|
0-0: Ball 1-0: Ball 2-0: Ball 3-0: Called Strike 3-1: Foul Ball, location: 2F 3-2: Base on Balls Helmut Steggall to second
|
|
Batting: SHB Nestor Ramirez
|
0-0: Called Strike 0-1: SINGLE (Line Drive, 56D, EV 109.4 MPH) Helmut Steggall to third Dave Cordero to second Runner from 3rd tries for Home, SAFE, throw by LF to home
|
|
Batting: RHB Kyle Garrett
|
0-0: Ball 1-0: Ball 2-0: Called Strike 2-1: Foul Ball, location: 2F 2-2: Fly out, F8 (Line Drive, 8LD, EV 106.9 MPH)
|
|
Batting: RHB Nick Massengale
|
0-0: Called Strike 0-1: Ball 1-1: Swinging Strike 1-2: DOUBLE (Groundball, 5L, EV 106.9 MPH) Dave Cordero scores Nestor Ramirez to third Runner from 3rd tries for Home, SAFE, no throw by LF
|
|
Batting: LHB Tony Morales
|
0-0: SINGLE (Groundball, 4M, EV 104.4 MPH) (infield hit) Nick Massengale to third
|
|
Batting: RHB Daniel Samano
|
0-0: SINGLE (Groundball, 3D, EV 96.2 MPH) Nick Massengale scores Tony Morales to second Runner from 2nd tries for 3rd, SAFE, throw by RF made to third
|
|
Batting: SHB Justin Toth
|
0-0: Ball 1-0: Ball 2-0: Ball 3-0: Base on Balls Daniel Samano to second
|
|
Batting: LHB Helmut Steggall
|
0-0: Reached on error, E5 (Groundball, 5, EV 85.0 MPH) Tony Morales scores Daniel Samano to third Justin Toth to second
|
|
Batting: RHB Shinji Aizawa
|
0-0: Foul Ball, location: 2F 0-1: SINGLE (Groundball, 4D, EV 96.9 MPH) Daniel Samano scores Justin Toth to third Helmut Steggall to second Runner from 3rd tries for Home, SAFE, throw by RF to home
|
|
Batting: RHB Dave Cordero
|
0-0: Ball 1-0: Ball 2-0: Ball 3-0: Called Strike 3-1: Foul Ball, location: 2F 3-2: Base on Balls Helmut Steggall to third Shinji Aizawa to second
|
|
Batting: SHB Nestor Ramirez
|
0-0: Ball 1-0: Ball 2-0: Ground out 4-3 (Groundball, 4, EV 85.6 MPH)
|
| Top of the 7th over - 7 runs, 6 hits, 1 error, 3 left on base; Los Angeles (NYP) 19 - Brooklyn 0 |
| BOTTOM OF THE 7TH |
|
Brooklyn Cyclones batting - Pitching for Los Angeles (NYP) Dodgers : RHP Isidro Aguirre
|
|
Now at SS: Helmut Steggall
|
|
|
Batting: RHB Mike Patterson
|
0-0: Called Strike 0-1: Ball 1-1: Swinging Strike 1-2: Strikes out looking
|
|
Batting: LHB Ryan Stegall
|
0-0: Ball 1-0: Called Strike 1-1: Foul Ball, location: 2F 1-2: Ball 2-2: Strikes out swinging
|
|
Batting: RHB Brad Brown
|
0-0: Ball 1-0: Swinging Strike 1-1: Foul Ball, location: 2F 1-2: Reached on error, E5 (Groundball, 56, EV 105.0 MPH)
|
|
Batting: RHB Tyler Lybrand
|
0-0: Ball 1-0: Ball 2-0: Called Strike 2-1: Called Strike 2-2: Strikes out looking
|
| Bottom of the 7th over - 0 runs, 0 hits, 1 error, 1 left on base; Los Angeles (NYP) 19 - Brooklyn 0 |
| TOP OF THE 8TH |
|
Los Angeles (NYP) Dodgers batting - Pitching for Brooklyn Cyclones : RHP Marvin Merino
|
|
Batting: RHB Kyle Garrett
|
0-0: SINGLE (Line Drive, 4D, EV 99.4 MPH)
|
|
Batting: RHB Nick Massengale
|
0-0: Fly out, F7 (Flyball, 78M, EV 85.0 MPH)
|
|
Batting: LHB Tony Morales
|
0-0: Called Strike 0-1: Ball 1-1: Ball 2-1: Swinging Strike 2-2: Ball 3-2: Foul Ball, location: 2F 3-2: Foul Ball, location: 2F 3-2: Base on Balls Kyle Garrett to second
|
|
Batting: RHB Daniel Samano
|
0-0: Called Strike 0-1: Foul Ball, location: 2F 0-2: SINGLE (Flyball, 8LS, EV 86.2 MPH) Kyle Garrett to third Tony Morales to second Throwing error, E8 Kyle Garrett scores Tony Morales to third Daniel Samano to second
|
|
Pinch Hitting: LHB Antonio Luis
|
0-0: Ball 1-0: Ball Wild Pitch! Tony Morales scores Daniel Samano to third 2-0: Foul Ball, location: 2F 2-1: Ball 3-1: Base on Balls
|
|
Batting: LHB Helmut Steggall
|
0-0: Ball 1-0: Ball 2-0: Called Strike 2-1: Ball 3-1: Called Strike 3-2: Base on Balls Antonio Luis to second
|
|
Batting: RHB Shinji Aizawa
|
0-0: Called Strike 0-1: Fly out, F7 (Flyball, 7S, EV 86.2 MPH)
|
|
Batting: RHB Dave Cordero
|
0-0: Reached via error on a dropped throw from 3B, E3 (Groundball, 15, EV 81.9 MPH) Daniel Samano scores Antonio Luis to third Helmut Steggall to second
|
|
Batting: SHB Nestor Ramirez
|
0-0: Called Strike 0-1: Ground out 4-3 (Groundball, 4, EV 90.6 MPH)
|
| Top of the 8th over - 3 runs, 2 hits, 2 errors, 3 left on base; Los Angeles (NYP) 22 - Brooklyn 0 |
| BOTTOM OF THE 8TH |
|
Brooklyn Cyclones batting - Pitching for Los Angeles (NYP) Dodgers : RHP Isidro Aguirre
|
|
Pitching: LHP Ben Moore
|
|
|
Now in LF: Antonio Luis
|
|
|
Batting: RHB Barney Pederson
|
0-0: Called Strike 0-1: Foul Ball, location: 2F 0-2: Foul Ball, location: 2F 0-2: Strikes out looking
|
|
Batting: RHB Darwin Mills
|
0-0: Called Strike 0-1: Ball 1-1: Ball 2-1: Foul Ball, location: 2F 2-2: Foul Ball, location: 2F 2-2: Foul Ball, location: 2F 2-2: Strikes out looking
|
|
Batting: RHB Mike Mathews
|
0-0: Ball 1-0: Ball 2-0: Foul Ball, location: 2F 2-1: Ball 3-1: Foul Ball, location: 2F 3-2: Foul Ball, location: 2F 3-2: Ground out 5-3 (Groundball, 56, EV 97.5 MPH)
|
| Bottom of the 8th over - 0 runs, 0 hits, 0 errors, 0 left on base; Los Angeles (NYP) 22 - Brooklyn 0 |
| TOP OF THE 9TH |
|
Los Angeles (NYP) Dodgers batting - Pitching for Brooklyn Cyclones : RHP Marvin Merino
|
|
Batting: RHB Kyle Garrett
|
0-0: Foul Ball, location: 2F 0-1: Ball 1-1: DOUBLE (Flyball, 8RXD, EV 115.6 MPH)
|
|
Batting: RHB Nick Massengale
|
0-0: Called Strike 0-1: Foul Ball, location: 2F 0-2: Foul Ball, location: 2F 0-2: Ball 1-2: Ball 2-2: Strikes out swinging
|
|
Batting: LHB Tony Morales
|
0-0: Called Strike 0-1: Ball 1-1: Ball 2-1: Called Strike 2-2: Ball 3-2: Foul Ball, location: 2F 3-2: Base on Balls
|
|
Batting: RHB Daniel Samano
|
0-0: Called Strike 0-1: Ball 1-1: Ball Wild Pitch! Kyle Garrett to third Tony Morales to second 2-1: Foul Ball, location: 2F 2-2: Ball 3-2: Strikes out swinging
|
|
Batting: LHB Antonio Luis
|
0-0: TRIPLE (Groundball, 3L, EV 106.2 MPH) Kyle Garrett scores Tony Morales scores
|
|
Batting: LHB Helmut Steggall
|
0-0: Ball 1-0: Swinging Strike 1-1: Ball 2-1: Ball 3-1: Base on Balls
|
|
Batting: RHB Shinji Aizawa
|
0-0: Called Strike 0-1: Ball 1-1: Ball 2-1: Foul Ball, location: 2F 2-2: Ball 3-2: Base on Balls Helmut Steggall to second
|
|
Batting: RHB Dave Cordero
|
0-0: Ball 1-0: Ball 2-0: Swinging Strike 2-1: Called Strike 2-2: Ball 3-2: Base on Balls Antonio Luis scores Helmut Steggall to third Shinji Aizawa to second
|
|
Batting: SHB Nestor Ramirez
|
0-0: Ball 1-0: Ball 2-0: Ball 3-0: Base on Balls Helmut Steggall scores Shinji Aizawa to third Dave Cordero to second
|
|
Batting: RHB Kyle Garrett
|
0-0: Ball 1-0: Foul Ball, location: 2F 1-1: Swinging Strike 1-2: Strikes out swinging
|
| Top of the 9th over - 4 runs, 2 hits, 0 errors, 3 left on base; Los Angeles (NYP) 26 - Brooklyn 0 |
| BOTTOM OF THE 9TH |
|
Brooklyn Cyclones batting - Pitching for Los Angeles (NYP) Dodgers : LHP Ben Moore
|
|
Batting: SHB Harrison Feist
|
0-0: Ball 1-0: Called Strike 1-1: Called Strike 1-2: Foul Ball, location: 2F 1-2: Foul Ball, location: 2F 1-2: SINGLE (Groundball, 6D, EV 94.4 MPH)
|
|
Batting: RHB Matt Tittle
|
0-0: Hit by Pitch Harrison Feist to second
|
|
Batting: RHB Mike Patterson
|
0-0: Called Strike 0-1: Ball 1-1: Foul Ball, location: 2F 1-2: Ball 2-2: Ball 3-2: SINGLE (Line Drive, 6M, EV 105.0 MPH) Harrison Feist to third Matt Tittle to second
|
|
Batting: LHB Ryan Stegall
|
0-0: Ball 1-0: Called Strike 1-1: Swinging Strike 1-2: Strikes out swinging
|
|
Batting: RHB Brad Brown
|
0-0: Called Strike 0-1: Ball 1-1: Swinging Strike 1-2: Ball 2-2: Foul Ball, location: 2F 2-2: Foul Ball, location: 2F 2-2: Strikes out looking
|
|
Batting: RHB Tyler Lybrand
|
0-0: Ball 1-0: Called Strike 1-1: Called Strike 1-2: Foul Ball, location: 2F 1-2: Ball 2-2: Strikes out looking
|
| Bottom of the 9th over - 0 runs, 2 hits, 0 errors, 3 left on base; Los Angeles (NYP) 26 - Brooklyn 0 |
|